 Dungeon Crawl Stone Soup version 0.29.1-1-gd02db69 (webtiles) character file.

Game seed: 8614158173286983585

50 Oogah the Chopper (level 3, -3/31 HPs)
             Began as a Hill Orc Berserker on Dec 15, 2022.
             Was a Believer of Trog.
             Killed by divine providence
             ... invoked by an orc priest
              (13 damage)
             ... on level 3 of the Dungeon.
             The game lasted 00:23:19 (2289 turns).

Oogah the Chopper (Hill Orc Berserker)              Turns: 2289, Time: 00:23:20

Health: -3/31      AC:  6    Str: 21    XL:     3   Next: 79%
Magic:  3/3        EV: 15    Int:  7    God:    Trog [**....]
Gold:   138        SH:  0    Dex: 10    Spells: 2/2 levels left

rFire   . . .      SeeInvis .   a - +0 hand axe
rCold   . . .      Faith    .   (no shield)
rNeg    . . .      Spirit   .   h - +0 ring mail
rPois   .          Reflect  .   (no helmet)
rElec   .          Harm     .   (no cloak)
rCorr   .          Rampage  .   (no gloves)
Will    .....                   d - +0 pair of boots
Stlth   ..........              (no amulet)
HPRegen 0.10/turn               i - +4 ring of evasion
MPRegen 0.08/turn               (no ring)

@: no status effects
A: no striking features
a: Renounce Religion, Convert to Beogh, Berserk, Trog's Hand


You were on level 3 of the Dungeon.
You worshipped Trog.
Trog was pleased with you.
You visited 1 branch of the dungeon, and saw 3 of its levels.

You collected 138 gold pieces.

Inventory:

Hand Weapons
 a - a +0 hand axe (weapon)
 p - a +0 hand axe
Armour
 b - a +0 animal skin
 d - a +0 pair of boots (worn)
 h - a +0 ring mail (worn)
 l - a +0 barding
Jewellery
 i - a +4 ring of evasion (left hand)
Scrolls
 e - 2 scrolls of amnesia
 f - a scroll of identify
 k - a scroll of teleportation
 n - a scroll of fog {unknown}
Potions
 c - a potion of brilliance {unknown}
 g - a potion of degeneration {unknown}
 j - 4 potions of curing
 o - a potion of magic {unknown}


   Skills:
 - Level 3.6 Fighting
 + Level 6.1 Axes
 - Level 2.1 Armour
 - Level 1.5 Dodging


You had 2 spell levels left.
You didn't know any spells.
Your spell library contained the following spells:

 Spells                   Type           Power      Damage    Failure   Level
 Ignite Poison            Fire/Tmut/Pois 0%         N/A       92%         3
 Mephitic Cloud           Conj/Pois/Air  0%         N/A       92%         3
 Freezing Cloud           Conj/Ice/Air   0%         6-21      100%        5


Dungeon Overview and Level Annotations

Branches:
Dungeon (3/15)

Altars:


Message History

You see here a +0 hand axe.
p - a +0 hand axe
Okay, then.
As you read the scroll labelled RACVA SOEZUO, it crumbles to dust.
It is a scroll of amnesia.
You feel forgetful for a moment.
Char dumped successfully.
You remove your +4 ring of evasion.
Nothing quivered!
i - a +4 ring of evasion (left hand)
You now have 138 gold pieces (gained 19).
As you read the scroll labelled ZOM FIOSIAFO, it crumbles to dust.
It is a scroll of identify.
j - 4 potions of curing
As you read the scroll labelled NASELLY AKHLIG, it crumbles to dust.
You feel strangely unstable.
It was a scroll of teleportation.
Unknown command.
Unknown command.
As you read the scroll labelled ISOTEAPPO IPSUT, it crumbles to dust.
Your body is wracked with pain!
It was a scroll of torment.
Your surroundings suddenly seem different.
Found a stone staircase leading down.
Found a scale mail.
You see here a +0 scale mail.
HP restored.
You see here a +0 scale mail.
There is a stone staircase leading down here.
An orc and 2 orc priests come into view.
The orc priest shouts, "Join the one true god or die!" (press Y on the ability menu to convert to Beogh)
The orc priest shouts! x2
The orc priest looks encouraged for a moment.
The orc priest calls down the wrath of Beogh upon you.
Beogh smites you!
The orc priest mumbles some strange prayers to Beogh against you.
Beogh smites you!
* * * LOW HITPOINT WARNING * * *
The orc priest mumbles some strange prayers to Beogh against you.
Beogh smites you!
You die...

###
##########.#
#..o.o.o...#
#.########@#
#. #.# #o
#.# #o #.#
#. #.# #o
#.# #. #.#
#.# #.#


You could see 2 orc priests and an orc.

Vanquished Creatures
  An adder (D:2)
  2 dart slugs (D:2)
  6 ball pythons (D:1)
  3 endoplasms
  4 goblins
  4 hobgoblins
  2 jackals (D:2)
  4 kobolds
  A quokka (D:2)
  5 bats
  2 rats
34 creatures vanquished.

Notes
Turn   | Place    | Note
-------+----------+-------------------------------------------
     0 | D:1      | Oogah the Hill Orc Berserker began the quest for the Orb.
     0 | D:1      | Reached XP level 1. HP: 19/19 MP: 1/1
   265 | D:1      | Reached XP level 2. HP: 24/26 MP: 2/2
   377 | D:1      | Reached skill level 5 in Axes
   995 | D:2      | Reached XP level 3. HP: 29/31 MP: 3/3
  1450 | D:2      | Reached ** piety under Trog
  1577 | D:2      | Found a faded altar of an unknown god.
  1676 | D:2      | Reached skill level 6 in Axes
  2289 | D:3      | Killed from afar by an orc priest

Illustrated notes

Levels and vault maps discovered:
D:1:      mrwooster_arrival_statue_2, layout_rooms
D:2:      layout_loops_corners, nicolae_ecumenical_oubliette
D:3:      layout_basic, serial_shops, shop

Skill      XL: |  1  2  3 |
---------------+----------+-----
Axes           | 5 6 |  6.1
Fighting       | |  3.6
Armour         | |  2.1
Dodging        | |  1.5

Action                   || total
-------------------------++-------
Melee: Hand axe          ||   104
Invok: Berserk           ||     1
  Use: Scroll            ||     4
Armor: Animal skin       ||     5
       Ring mail         ||    25
Dodge: Dodged            ||    73
